cohdb
Replays
Latest Replays
All Replays
Popular Replays
Top Player Replays
Match Explorer
How It Works
Community
CoH3 Stats
Reddit
Sign in to upload your games and track your stats! →
Sign in with Steam
Match 39962356
Unlisted
Match 39962356
Overview
Messages
Build Orders
End
Construct Infanterie Kompanie
Pioneer Squad
Selects Terror Battlegroup
Selects Machine Gun Camouflage
MG 42 Machine Gun Team
MG 42 Machine Gun Team
Grenadier Squad
Selects Contempt for the Weak
Grenadier Squad
Grenadier Squad
Construct Panzergrenadier Kompanie
Medical Station
Pak 40 Anti-tank Gun Team
Panzergrenadier Squad
Construct Panzer Kompanie
Stoßtruppen Squad
Selects Propaganda Leaflet Drop
Propaganda Leaflet Drop
Panzer IV Medium Tank
Propaganda Leaflet Drop
Selects Defend the Fatherland
Panzer IV Medium Tank
Propaganda Leaflet Drop
Pioneer Squad
Selects Defend the Fatherland
Propaganda Leaflet Drop
Panzer IV Medium Tank
Pioneer Squad
Selects V1 Rocket Strike
Propaganda Leaflet Drop
Panzer IV Medium Tank
Defend the Fatherland
Pak 40 Anti-tank Gun Team
Pak 40 Anti-tank Gun Team
Kettenkrad Recon Vehicle
Propaganda Leaflet Drop
Panzer IV Medium Tank
UH|ck
UH|XTC
iceman
Nogea
Esdra
dracfireblack
0
0
Comments
sign in to comment!
No comments posted yet!